 Dungeon Crawl Stone Soup version 0.30-a0-1085-g990a428a5c (webtiles) character file.

Game seed: 10782967837550059713

90 demibob the Grave Robber (level 4, -2/30 HPs)
             Began as a Demonspawn Necromancer on Apr 16, 2023.
             Killed by divine providence
             ... invoked by an orc priest
              (10 damage)
             ... on level 3 of the Dungeon.
             The game lasted 00:06:07 (2530 turns).

demibob the Grave Robber (Demonspawn Necromancer)   Turns: 2530, Time: 00:06:08

Health: -2/30      AC:  4    Str:  8    XL:     4   Next: 32%
Magic:  0/7        EV: 12    Int: 18    God:
Gold:   143        SH:  4    Dex: 14    Spells: 3/7 levels left

rFire   . . .      SeeInvis .    e - +0 whip
rCold   . . .      Faith    .    (no shield)
rNeg    . . .      Spirit   .    a - +0 robe
rPois   .          Reflect  .    (no helmet)
rElec   .          Rampage  .    i - +0 cloak
rCorr   .                        c - +0 pair of gloves
Will    .....                    (no boots)
Stlth   ++                       (no amulet)
HPRegen 0.25/turn                (no ring)
MPRegen 0.10/turn                (no ring)

@: invisible
A: large bone plates 1
a: no special abilities


You were on level 3 of the Dungeon.
You visited 1 branch of the dungeon, and saw 3 of its levels.

You collected 143 gold pieces.


Innate Abilities, Weirdness & Mutations

You are partially covered in large bone plates. (SH +4)


   Skills:
 + Level 0.3 Maces & Flails
 - Level 1.7 Dodging
 - Level 1.7 Stealth
 - Level 2.3 Spellcasting
 * Level 6.1 Necromancy


You had 3 spell levels left.
You knew the following spells:

 Your Spells              Type           Power      Damage    Failure   Level
v - Vampiric Draining     Necr           24%        2d7       4%          3
X - Necrotise             Necr           96%        1d8       1%          1

Your spell library contained the following spells:

 Spells                   Type           Power      Damage    Failure   Level
 Sandblast                Erth           4%         2d4       17%         1
 Sting                    Tmut/Pois      8%         1d3       17%         1
 Passwall                 Tmut/Erth      1%         N/A       26%         2
 Poisonous Vapours        Pois/Air       4%         N/A       26%         2
 Stone Arrow              Conj/Erth      4%         3d7       45%         3
 Summon Guardian Golem    Hex/Summ       2%         N/A       45%         3
 Animate Dead             Necr           24%        N/A       14%         4
 Agony                    Necr           24%        N/A       36%         5
 Olgreb's Toxic Radiance  Pois           2%         N/A       86%         4
 Orb of Destruction       Conj           1%         9d5       100%        7
 Spellforged Servitor     Conj/Summ      1%         N/A       100%        7

Inventory:

Hand Weapons
 e - a +0 whip (weapon)
Armour
 a - a +0 robe (worn)
 c - a +0 pair of gloves (worn)
 i - a +0 cloak (worn)
Potions
 b - a potion of cancellation
 f - 2 potions of flight
 j - a potion of mutation

Dungeon Overview and Level Annotations

Branches:
Dungeon (3/15)

Altars:

#
###.###.........
...# ##....###
##### #.#..###.#
#........#
###..#####
#..#####.#
#........#
######.#.######
#oo@......#
#.o###.....# #..
.#...#.# #.. .
....... ... ..
......## .#.. ..
......# #.#..#..
...###. # #.? .#


You could see an orc priest (unable to see you) and 2 orcs.


Message History

You barely miss the orc priest.
The orc priest is severely wounded.
The orc priest hits you with a +0 mace.
* * * LOW HITPOINT WARNING * * *
The orc hits you with a +0 war axe!
* * * LOW HITPOINT WARNING * * *
Casting: Necrotise (safe; 1% risk of failure)
Confirm with . or Enter, or press ? or * to list all spells.
You don't know that spell.
It was a potion of curing.
You feel better. The orc priest closely misses you.
The orc hits you with a +0 war axe!
* * * LOW HITPOINT WARNING * * *
Casting: Necrotise (safe; 1% risk of failure)
Confirm with . or Enter, or press ? or * to list all spells.
You don't have enough magic to cast this spell.
Casting: Necrotise (safe; 1% risk of failure)
Confirm with . or Enter, or press ? or * to list all spells.
You don't know that spell.
Casting: Necrotise (safe; 1% risk of failure)
Confirm with . or Enter, or press ? or * to list all spells.
Aiming: Necrotise (safe; 1% risk of failure)
Press: ? - help, Shift-Dir - straight line, f/p - orc priest
Aim: an orc priest, wielding a +0 mace and wearing a +0 leather armour (severely wounded, unable to see you, chance to affect: 83%)
The orc priest barely resists.
The orc priest barely misses you. The orc closely misses you.
You hit the orc priest but do no damage.
The orc priest is severely wounded.
The orc priest calls down the wrath of Beogh upon you.
Beogh smites you!
You die...

Skill      XL: |  1  2  3  4 |
---------------+-------------+-----
Necromancy     | 5 6 |  6.1
Maces & Flails | |  0.3
Dodging        | |  1.7
Stealth        | |  1.7
Spellcasting   | |  2.3

Action                     |  1- 3 |  4- 6 || total
---------------------------+-------+-------++-------
  Melee: Unarmed           |    29 |       ||    29
         Whip              |     2 |    33 ||    35
   Cast: Necrotise         |    53 |    26 ||    79
         Vampiric Draining |       |     1 ||     1
    Use: Potion            |     1 |     2 ||     3
         Scroll            |     4 |     3 ||     7
   Stab: Distracted        |     1 |       ||     1
         Invisible         |       |     2 ||     2
 Armour: Robe              |    12 |    13 ||    25
  Dodge: Dodged            |    43 |    33 ||    76
  Block: Other             |     9 |    16 ||    25

Levels and vault maps discovered:
D:1:      shiori_shiawase, layout_basic
D:2:      minmay_alternating_diamond, layout_basic, serial_bayou_ford_a,
          st_stairs_6, minmay_unequal
D:3:      layout_loops_corners, ashenzari_altar_1, mainiacjoe_overflow_catwalk,
          general_overflow_altar, minmay_distorted

Notes
Turn   | Place    | Note
-------+----------+-------------------------------------------
     0 | D:1      | demibob the Demonspawn Necromancer began the quest for the
                  | Orb.
     0 | D:1      | Reached XP level 1. HP: 13/13 MP: 3/3
   156 | D:1      | Gained mutation: You are partially covered in large bone
                  | plates. (SH +4) [demonic ancestry]
   156 | D:1      | Reached XP level 2. HP: 13/19 MP: 0/5
   160 | D:1      | Reached skill level 5 in Necromancy
   594 | D:1      | Reached XP level 3. HP: 24/24 MP: 4/6
   598 | D:1      | Learned a level 3 spell: Vampiric Draining
  1559 | D:2      | Reached XP level 4. HP: 28/30 MP: 2/7
  1570 | D:2      | Reached skill level 6 in Necromancy
  2527 | D:3      | HP: 3/30 [orc/+0 war axe (9)]
  2530 | D:3      | Killed from afar by an orc priest

Vanquished Creatures
  3 adders (D:2)
  2 dart slugs
  2 orcs (D:3)
  6 endoplasms
  3 giant cockroaches
  2 goblins (D:1)
  7 hobgoblins
  2 jackals (D:1)
  A quokka (D:2)
  2 ball pythons (D:1)
  4 bats
  6 frilled lizards
  2 kobolds (D:2)
  4 rats
46 creatures vanquished.

Vanquished Creatures (collateral kills)
  A worm (D:2)
  An endoplasm (D:2)
  A hobgoblin (D:1)
  A jackal (D:1)
  A quokka (D:1)
  A kobold (D:1)
6 creatures vanquished.

Grand Total: 52 creatures vanquished

Table legend: (Time is in decaauts)
 A = Elapsed time spent in this place.
 B = Non-inter-level travel time spent in this place.
 C = Inter-level travel time spent in this place.
 D = Time resting spent in this place.
 E = Time spent auto-exploring this place.
 F = Levels seen in this place.
 G = Mean time per level.
                   A        B        C        D        E       F      G
               +--------+--------+--------+--------+--------+-----+--------+
         Total |   2539 |   2508 |     31 |     88 |   2022 |   3 |  846.3 |
       Dungeon |   2539 |   2508 |     31 |     88 |   2022 |   3 |  846.3 |
               +--------+--------+--------+--------+--------+-----+--------+

Top non-repeatable levels by time:
     D:2: 1300 daAuts
     D:1: 1125 daAuts
     D:3: 114 daAuts

Table legend:
 A = Non-vault XP
 B = Vault XP
 C = Vault XP percentage of total XP
 D = Non-vault monster count
 E = Vault monster count
 F = Vault count percentage of total count
                 A         B        C        D         E       F
            +---------+---------+-------+---------+---------+-------
      Total |     117 |      12 |   9.3 |      45 |       7 |  13.5
            +---------+---------+-------+---------+---------+-------
        D:1 |      45 |       0 |   0.0 |      26 |       0 |   0.0
        D:2 |      61 |      12 |  16.4 |      14 |       7 |  33.3
        D:3 |      11 |       0 |   0.0 |       5 |       0 |   0.0
            +---------+---------+-------+---------+---------+-------
